[Event "44th Chess Olympiad Women 2022"]
[Site "Chennai"]
[Date "2022.08.02"]
[Round "5.49"]
[White "Eman Sawan"]
[Black "Herrera, Marjorie"]
[Result "1-0"]
[ECO "B51"]
[WhiteElo "1847"]
[BlackElo "1760"]
[Annotator "NA RC COMBH"]
[PlyCount "113"]
[EventDate "2022.07.29"]
[EventType "team-tourn"]
[EventCountry "IND"]
[SourceTitle "playchess.com"]
[Source "ChessBase"]
[SourceQuality "1"]
[WhiteTeam "Palestine"]
[BlackTeam "El Salvador"]
[WhiteTeamCountry "PLE"]
[BlackTeamCountry "ESA"]
[TimeControl "40/5400+30:1800+30"]

1. e4 c5 2. Nf3 d6 3. Bb5+ Nd7 4. d4 cxd4 5. Qxd4 a6 6. Bxd7+ Bxd7 7. c4 e5 8. Qd3 b5 9. Na3 Qb8 10. O-O h6 11. Rd1 Nf6 12. b3 Bc6 13. Nd2 Be7 14. f3 Qb6+ 15. Kh1 Nh5 16. Nf1 O-O 17. Nc2 b4 18. g3 f5 19. Nfe3 fxe4 20. fxe4 Nf6 21. Nd5 Bxd5 22. cxd5 Qf2 23. Be3 Qf3+ 24. Kg1 Nxe4 25. Rf1 Qg4 26. Bb6 Ng5 27. Ne3 Nf3+ 28. Kg2 Nh4+ 29. Kh1 Qg6 30. Qxg6 Nxg6 31. Nc4 Rac8 32. Ba5 Rc5 33. Rxf8+ Bxf8 34. Rd1 Ne7 35. Bxb4 Rxd5 36. Rxd5 Nxd5 37. Bxd6 Bxd6 38. Nxd6 Nc3 39. a3 Kf8 40. Kg2 Ke7 41. Nc4 Ke6 42. Kf3 Kd5 43. Ke3 Nd1+ 44. Ke2 Nc3+ 45. Kd3 Nb5 46. Ne3+ Ke6 47. a4 Nd6 48. b4 g5 49. g4 Kf6 50. Nd5+ Kf7 51. Nc7 a5 52. bxa5 Nb7 53. a6 Nc5+ 54. Ke3 Nxa4 55. a7 Nb6 56. a8=Q Nxa8 57. Nxa8 1-0

[Event "44th Chess Olympiad Women 2022"]
[Site "Chennai"]
[Date "2022.08.02"]
[Round "5.49"]
[White "Zavala Galindo, Alejandra Beatriz"]
[Black "Heba, Assi"]
[Result "1-0"]
[ECO "B51"]
[WhiteElo "1748"]
[BlackElo "1449"]
[Annotator "NA RC COMBH"]
[PlyCount "53"]
[EventDate "2022.07.29"]
[EventType "team-tourn"]
[EventCountry "IND"]
[SourceTitle "playchess.com"]
[Source "ChessBase"]
[SourceQuality "1"]
[WhiteTeam "El Salvador"]
[BlackTeam "Palestine"]
[WhiteTeamCountry "ESA"]
[BlackTeamCountry "PLE"]
[TimeControl "40/5400+30:1800+30"]

1. e4 c5 2. Nf3 d6 3. Bb5+ Nd7 4. d4 cxd4 5. Qxd4 a6 6. Be2 Qc7 7. O-O Ngf6 8. c4 e6 9. Nc3 b6 10. h3 Bb7 11. Be3 Rc8 12. Rac1 Nc5 13. b4 e5 14. Qd1 Ncxe4 15. Nd5 Nxd5 16. cxd5 Qd8 17. Rxc8 Bxc8 18. Qc2 f5 19. Bxb6 Qd7 20. Rc1 Bb7 21. Qc7 Qxc7 22. Rxc7 Bxd5 23. Bxa6 Be6 24. Bb5+ Kd8 25. Ra7+ Kc8 26. Bc6 Nc3 27. Ra8# 1-0

[Event "44th Chess Olympiad Women 2022"]
[Site "Chennai"]
[Date "2022.08.02"]
[Round "5.49"]
[White "Palacios, Celina"]
[Black "Seder, Randa"]
[Result "1-0"]
[ECO "C50"]
[WhiteElo "1715"]
[BlackElo "1442"]
[Annotator "NA RC COMBH"]
[PlyCount "85"]
[EventDate "2022.07.29"]
[EventType "team-tourn"]
[EventCountry "IND"]
[SourceTitle "playchess.com"]
[Source "ChessBase"]
[SourceQuality "1"]
[WhiteTeam "El Salvador"]
[BlackTeam "Palestine"]
[WhiteTeamCountry "ESA"]
[BlackTeamCountry "PLE"]
[TimeControl "40/5400+30:1800+30"]

1. e4 e5 2. Nf3 Nc6 3. Bc4 f5 4. d4 exd4 5. Nxd4 Qh4 6. Nxf5 Qxe4+ 7. Ne3 Nf6 8. O-O Be7 9. Nc3 Qg6 10. Ned5 Bd6 11. Re1+ Kd8 12. Bf4 Nxd5 13. Nxd5 Rf8 14. Qd2 h6 15. Bg3 Bxg3 16. hxg3 d6 17. Nf4 Qf6 18. c3 Ne5 19. Bb3 g5 20. Nd5 Qf5 21. Rad1 Qg6 22. Rxe5 dxe5 23. Nb6+ Qd6 24. Nxa8 Rf6 25. Qe2 Qxd1+ 26. Bxd1 Re6 27. Qe3 b6 28. Bg4 Rd6 29. Bxc8 Kxc8 30. Qxe5 Kb7 31. Nxc7 Kxc7 32. f4 gxf4 33. gxf4 Kd7 34. f5 Rd1+ 35. Kh2 Rd6 36. Qg7+ Kc6 37. f6 Rxf6 38. Qxf6+ Kb5 39. b3 h5 40. a4+ Ka5 41. Qc6 Ka6 42. b4 h4 43. Qc8# 1-0

[Event "44th Chess Olympiad Women 2022"]
[Site "Chennai"]
[Date "2022.08.02"]
[Round "5.50"]
[White "Quevedo, Andreina"]
[Black "Tsai, Sophie Yi-Hsuan"]
[Result "1-0"]
[ECO "B27"]
[WhiteElo "1841"]
[BlackElo "1131"]
[Annotator "NA RC COMBH"]
[PlyCount "81"]
[EventDate "2022.07.29"]
[EventType "team-tourn"]
[EventCountry "IND"]
[SourceTitle "playchess.com"]
[Source "ChessBase"]
[SourceQuality "1"]
[WhiteTeam "Uruguay"]
[BlackTeam "Taiwan"]
[WhiteTeamCountry "URU"]
[BlackTeamCountry "TPE"]
[TimeControl "40/5400+30:1800+30"]

1. e4 c5 2. Nf3 g6 3. d4 cxd4 4. Qxd4 Nf6 5. Nc3 Nc6 6. Qa4 Bg7 7. e5 Ng8 8. Bf4 Nh6 9. O-O-O Ng4 10. Bg3 Ngxe5 11. Nxe5 Bxe5 12. Bxe5 Nxe5 13. Qd4 f6 14. f4 Nc6 15. Qe3 Qb6 16. Qf3 O-O 17. h4 Nd4 18. Qd5+ Ne6 19. f5 Qe3+ 20. Kb1 gxf5 21. Qxf5 Ng7 22. Bc4+ e6 23. Qf1 d5 24. Bxd5 exd5 25. Nxd5 Qe5 26. Qf3 Be6 27. Nc3 h5 28. Qf2 b5 29. Rhe1 Qc7 30. Ne4 Rac8 31. Rd2 a5 32. Nxf6+ Kh8 33. Qd4 Rfd8 34. Qe3 Nf5 35. Rxd8+ Qxd8 36. Qxe6 Ng7 37. Qe5 Qd2 38. Qe4 Nf5 39. Nxh5 Rc5 40. Qe8+ Kh7 41. Qf7+ 1-0

[Event "44th Chess Olympiad Women 2022"]
[Site "Chennai"]
[Date "2022.08.02"]
[Round "5.50"]
[White "Shih, Ching-An"]
[Black "Silvera, Pilar"]
[Result "1-0"]
[ECO "A90"]
[WhiteElo "1582"]
[BlackElo "1436"]
[Annotator "NA RC COMBH"]
[PlyCount "64"]
[EventDate "2022.07.29"]
[EventType "team-tourn"]
[EventCountry "IND"]
[SourceTitle "playchess.com"]
[Source "ChessBase"]
[SourceQuality "1"]
[WhiteTeam "Taiwan"]
[BlackTeam "Uruguay"]
[WhiteTeamCountry "TPE"]
[BlackTeamCountry "URU"]
[TimeControl "40/5400+30:1800+30"]

1. d4 f5 2. g3 Nf6 3. Bg2 e6 4. Nf3 d5 5. O-O Bd6 6. c4 c6 7. cxd5 exd5 8. Nc3 O-O 9. Ne5 Nbd7 10. Bf4 Qe7 11. Nd3 Ne4 12. Rc1 g5 13. Bxd6 Qxd6 14. Nxe4 fxe4 15. Nc5 Qh6 16. Qb3 Nf6 17. Nxe4 Bh3 18. Nxf6+ Rxf6 19. Qxb7 Raf8 20. Bxh3 Qxh3 21. Rxc6 Rf5 22. Rc8 h5 23. Rxf8+ Kxf8 24. Qb8+ Kg7 25. Qxa7+ Kg6 26. Rc1 Rf6 27. Rc7 Qf5 28. Rg7+ Kh6 29. f3 Qb1+ 30. Kf2 Rxf3+ 31. Kxf3 g4+ 32. Ke3 Qg1+ 1-0

[Event "44th Chess Olympiad Women 2022"]
[Site "Chennai"]
[Date "2022.08.02"]
[Round "5.50"]
[White "Cho, Hung-Ling"]
[Black "Silva Rosas, Natalia"]
[Result "0-1"]
[ECO "B43"]
[WhiteElo "1576"]
[BlackElo "1780"]
[Annotator "NA RC COMBH"]
[PlyCount "66"]
[EventDate "2022.07.29"]
[EventType "team-tourn"]
[EventCountry "IND"]
[SourceTitle "playchess.com"]
[Source "ChessBase"]
[SourceQuality "1"]
[WhiteTeam "Taiwan"]
[BlackTeam "Uruguay"]
[WhiteTeamCountry "TPE"]
[BlackTeamCountry "URU"]
[TimeControl "40/5400+30:1800+30"]

1. e4 c5 2. Nf3 e6 3. d4 cxd4 4. Nxd4 a6 5. Bd3 Qc7 6. Nc3 Bb4 7. Bd2 Bc5 8. Nb3 Ba7 9. Qg4 Kf8 10. f4 d6 11. O-O-O Nf6 12. Qf3 Nc6 13. g4 Nb4 14. g5 Nxd3+ 15. Qxd3 Ne8 16. f5 b5 17. Rhf1 Bd7 18. Bf4 Bb8 19. f6 g6 20. Qh3 h5 21. gxh6 Rh7 22. Bg5 b4 23. Ne2 e5 24. Qf3 a5 25. h4 a4 26. Nd2 Qc8 27. Rg1 Ba7 28. Rg2 Be6 29. a3 bxa3 30. Qxa3 Bc5 31. Qc3 a3 32. b3 a2 33. Qa1 Ba3+ 0-1

[Event "44th Chess Olympiad Women 2022"]
[Site "Chennai"]
[Date "2022.08.02"]
[Round "5.51"]
[White "Zairbek kyzy, Begimai"]
[Black "Nihaya, Ahmed"]
[Result "1-0"]
[ECO "C58"]
[WhiteElo "1949"]
[BlackElo "1233"]
[Annotator "TA"]
[PlyCount "93"]
[EventDate "2022.07.29"]
[EventType "team-tourn"]
[EventCountry "IND"]
[SourceTitle "playchess.com"]
[Source "ChessBase"]
[SourceQuality "1"]
[WhiteTeam "Kyrgyzstan"]
[BlackTeam "Maldives"]
[WhiteTeamCountry "KGZ"]
[BlackTeamCountry "MDV"]
[TimeControl "40/5400+30:1800+30"]

1. e4 e5 2. Nf3 Nc6 3. Bc4 Nf6 4. Ng5 d5 5. exd5 Na5 6. Bb5+ c6 7. dxc6 bxc6 8. Bd3 $1 {[%emt 0:00:11][%mdl 4] is now more promising than 8.Be2.} h6 9. Ne4 {[%emt 0:00:45] C58: Two Knights: 4 Ng5 d5 5 exd5 Na5 sidelines.} Nxe4 10. Bxe4 Bb7 {[%emt 0:03:07] [#]} ({Black should try} 10... Bd6) 11. d3 $146 {[%emt 0:02:10] aiming for c3. White is clearly better.} ({Predecessor:} 11. Nc3 c5 12. Qe2 Bxe4 13. Qxe4 Qc8 14. Nb5 Nc6 15. f4 f6 16. fxe5 Nxe5 17. Qxa8 Qxa8 {1-0 (27) Patino,D (1834)-Patino Escandon,W (1268) Tolima 2021}) 11... Qb6 (11... Qc7 $16 12. O-O c5) 12. O-O $18 Bd6 13. Qg4 g6 14. Nc3 Be7 15. Na4 Qd4 16. c4 {[%emt 0:03:52] Hoping for Bd2.} c5 17. Be3 Qd7 18. Qxd7+ Kxd7 19. Bxb7 ({But not} 19. Bxc5 $6 Bxe4 20. dxe4 Nxc4) 19... Nxb7 20. f4 f5 (20... exf4 $142 21. Bxf4 (21. Rxf4 f5 $16) 21... f5) 21. fxe5 Ke6 22. Rfe1 h5 23. b4 Rac8 24. Rac1 g5 $2 (24... Rhd8 25. Nb2 f4) 25. bxc5 Nxc5 26. Nxc5+ Bxc5 27. d4 Bb4 28. d5+ Kd7 29. Red1 f4 30. Bd4 {[%emt 0:03:19] [#] Threatens to win with e6+.} Bc5 31. Kf1 Rhe8 32. e6+ Kd6 33. Ke2 Bxd4 34. Rxd4 {[%emt 0:00:06][%mdl 4096] Endgame KRR-KRR} Rc5 35. Kd3 Ra5 36. a4 Rc8 37. h4 g4 38. Rxf4 Rxd5+ 39. Rd4 $2 (39. cxd5 Rxc1 40. Rf5) 39... Rxd4+ 40. Kxd4 {[%emt 0:00:01] Black must now prevent Re1.} Kxe6 {[%emt 0:00:13] KR-KR} 41. Re1+ Kf5 $2 (41... Kd6 {keeps fighting.} 42. g3 Rc6) 42. g3 {[%emt 0:02:30] c5 is the strong threat.} Rd8+ {[%emt 0:00:23] [#]} 43. Kc3 $1 {[%emt 0:00:14] And now c5 would win.} a5 $2 (43... Rc8 44. Re3 Kf6) 44. c5 Rd5 45. Kc4 {[%emt 0:01:12] White mates.} Rd2 46. Re3 Rc2+ 47. Kb5 {[%emt 0:02:47] White took control after the opening.  Weighted Error Value: White=0.29 (precise) /Black=0.52} 1-0

[Event "44th Chess Olympiad Women 2022"]
[Site "Chennai"]
[Date "2022.08.02"]
[Round "5.51"]
[White "Abaeva, Aiana"]
[Black "Abdul Rasheed, Mariyam Laisa"]
[Result "1-0"]
[ECO "B20"]
[WhiteElo "1595"]
[BlackElo "1145"]
[Annotator "NA RC COMBH"]
[PlyCount "63"]
[EventDate "2022.07.29"]
[EventType "team-tourn"]
[EventCountry "IND"]
[SourceTitle "playchess.com"]
[Source "ChessBase"]
[SourceQuality "1"]
[WhiteTeam "Kyrgyzstan"]
[BlackTeam "Maldives"]
[WhiteTeamCountry "KGZ"]
[BlackTeamCountry "MDV"]
[TimeControl "40/5400+30:1800+30"]

1. e4 c5 2. b3 d6 3. Bb2 Nf6 4. Nc3 Nc6 5. Bc4 e6 6. Nf3 Be7 7. d4 cxd4 8. Nxd4 Bd7 9. Ndb5 Bc8 10. Ba3 O-O 11. O-O Qa5 12. Bb2 Rd8 13. Re1 a6 14. Nd4 Qc7 15. Nxc6 Qxc6 16. Qf3 b5 17. Bd3 Bb7 18. Qg3 Rac8 19. Ne2 Ne8 20. Qh3 h6 21. Nd4 Qd7 22. Nf3 d5 23. exd5 Bxd5 24. Ne5 Qc7 25. c4 bxc4 26. bxc4 Bb7 27. Nxf7 Kxf7 28. Qxe6+ Kf8 29. Bh7 Nf6 30. Bxf6 Ke8 31. Bg6+ Kf8 32. Qf7# 1-0

[Event "44th Chess Olympiad Women 2022"]
[Site "Chennai"]
[Date "2022.08.02"]
[Round "5.51"]
[White "Aishath Alya Mohamed Shareef"]
[Black "Sezdbekova Aizhan"]
[Result "0-1"]
[ECO "D02"]
[WhiteElo "1110"]
[BlackElo "1615"]
[Annotator "NA RC COMBH"]
[PlyCount "86"]
[EventDate "2022.07.29"]
[EventType "team-tourn"]
[EventCountry "IND"]
[SourceTitle "playchess.com"]
[Source "ChessBase"]
[SourceQuality "1"]
[WhiteTeam "Maldives"]
[BlackTeam "Kyrgyzstan"]
[WhiteTeamCountry "MDV"]
[BlackTeamCountry "KGZ"]
[TimeControl "40/5400+30:1800+30"]

1. d4 Nf6 2. Bf4 e6 3. Nf3 b6 4. e3 Bb7 5. Bd3 Be7 6. Nbd2 d5 7. c3 h6 8. Ne5 a6 9. Qc2 Nbd7 10. Ndf3 Nxe5 11. Nxe5 Nd7 12. Qe2 Nxe5 13. Bxe5 Bf6 14. Bg3 c5 15. f4 g6 16. Qf3 Bg7 17. h3 Rc8 18. Rc1 cxd4 19. exd4 Bxd4 20. Bf2 Bxf2+ 21. Qxf2 Rc6 22. Rd1 Qf6 23. O-O O-O 24. Rfe1 Rd6 25. Rd2 Rfd8 26. Red1 d4 27. Be2 b5 28. a3 Be4 29. cxd4 Bd5 30. g3 Bb3 31. Re1 Rxd4 32. Rxd4 Qxd4 33. Qxd4 Rxd4 34. Kf2 Rd2 35. Rc1 Bc4 36. Re1 Rxb2 37. Kf1 Bxe2+ 38. Rxe2 Rb3 39. Kf2 Rxa3 40. Re3 b4 41. Re2 b3 42. Rb2 Ra2 43. Rxa2 bxa2 0-1

[Event "44th Chess Olympiad Women 2022"]
[Site "Chennai"]
[Date "2022.08.02"]
[Round "5.51"]
[White "Nuha, Rilwan"]
[Black "Samaganova, Alexandra"]
[Result "0-1"]
[ECO "B23"]
[WhiteElo "1068"]
[BlackElo "1864"]
[Annotator "NA RC COMBH"]
[PlyCount "72"]
[EventDate "2022.07.29"]
[EventType "team-tourn"]
[EventCountry "IND"]
[SourceTitle "playchess.com"]
[Source "ChessBase"]
[SourceQuality "1"]
[WhiteTeam "Maldives"]
[BlackTeam "Kyrgyzstan"]
[WhiteTeamCountry "MDV"]
[BlackTeamCountry "KGZ"]
[TimeControl "40/5400+30:1800+30"]

1. e4 c5 2. Nc3 e6 3. f4 a6 4. Nf3 Qc7 5. d3 b5 6. a4 b4 7. Ne2 Bb7 8. Bd2 d6 9. c3 a5 10. Ng3 Nf6 11. Qb3 Nbd7 12. Be2 Be7 13. O-O O-O 14. f5 e5 15. Ng5 d5 16. Rac1 h6 17. Nh3 dxe4 18. dxe4 Nxe4 19. Nxe4 Bxe4 20. cxb4 axb4 21. Qxb4 Bc6 22. Qg4 Rxa4 23. Rc4 Nf6 24. Qg3 Kh7 25. Bc3 Bd6 26. Rd1 Rxc4 27. Bxc4 Ne4 28. Qd3 f6 29. Nf2 Nxf2 30. Kxf2 Be7 31. Re1 e4 32. Qh3 Qf4+ 33. Kg1 Bd6 34. Re3 Ra8 35. Rg3 Ra1+ 36. Bf1 Qxf1# 0-1

[Event "44th Chess Olympiad Women 2022"]
[Site "Chennai"]
[Date "2022.08.02"]
[Round "5.52"]
[White "Berezovska, Svetlana"]
[Black "Razafindratina, Mariam Clarisse"]
[Result "1-0"]
[ECO "C42"]
[WhiteElo "1781"]
[BlackElo "1318"]
[Annotator "NA RC COMBH"]
[PlyCount "85"]
[EventDate "2022.07.29"]
[EventType "team-tourn"]
[EventCountry "IND"]
[SourceTitle "playchess.com"]
[Source "ChessBase"]
[SourceQuality "1"]
[WhiteTeam "Monaco"]
[BlackTeam "Madagascar"]
[WhiteTeamCountry "MNC"]
[BlackTeamCountry "MAD"]
[TimeControl "40/5400+30:1800+30"]

1. e4 e5 2. Nf3 Nf6 3. Nxe5 Nxe4 4. c4 Bc5 5. d4 d6 6. Nf3 Bb4+ 7. Bd2 Bxd2+ 8. Nbxd2 Nf6 9. Bd3 O-O 10. O-O Bg4 11. h3 Bh5 12. Qb3 b6 13. Rfe1 Nbd7 14. Re3 Bg6 15. Rae1 Nh5 16. Bxg6 hxg6 17. d5 Nc5 18. Qc2 Qf6 19. b4 Na6 20. a3 Nb8 21. Ne4 Qf4 22. g3 Qh6 23. Neg5 Nf6 24. h4 Nbd7 25. Re7 Qh5 26. Qa4 Qg4 27. Qc6 Rac8 28. Kg2 a6 29. Nh2 Qf5 30. Qa4 Nb8 31. R1e3 c6 32. Qd1 cxd5 33. Rf3 Qe5 34. Rxe5 dxe5 35. cxd5 e4 36. Re3 Rfe8 37. Ng4 Rcd8 38. Nxf6+ gxf6 39. Nxe4 Kg7 40. Qd4 Nd7 41. Rf3 b5 42. Nxf6 Nxf6 43. Qxf6+ 1-0

[Event "44th Chess Olympiad Women 2022"]
[Site "Chennai"]
[Date "2022.08.02"]
[Round "5.52"]
[White "Raharimanana, Faratiana"]
[Black "Jose de Ribbegren, Kenia"]
[Result "0-1"]
[ECO "B34"]
[WhiteElo "1707"]
[BlackElo "1787"]
[Annotator "NA RC COMBH"]
[PlyCount "101"]
[EventDate "2022.07.29"]
[EventType "team-tourn"]
[EventCountry "IND"]
[SourceTitle "playchess.com"]
[Source "ChessBase"]
[SourceQuality "1"]
[WhiteTeam "Madagascar"]
[BlackTeam "Monaco"]
[WhiteTeamCountry "MAD"]
[BlackTeamCountry "MNC"]
[TimeControl "40/5400+30:1800+30"]

1. e4 c5 2. Nf3 g6 3. Bc4 Bg7 4. d4 cxd4 5. Nxd4 Nc6 6. c3 Nf6 7. Nd2 O-O 8. O-O Nxd4 9. cxd4 Nxe4 10. Bxf7+ Rxf7 11. Nxe4 h6 12. Be3 b6 13. Qd2 Bb7 14. Ng3 Kh7 15. Rac1 Rc8 16. Rxc8 Qxc8 17. Rc1 Qa8 18. f3 e6 19. Qd3 Bf8 20. Ne4 Qd8 21. Nf2 d6 22. Qd2 Bg7 23. Ng4 Qf8 24. Rc2 h5 25. Nf2 h4 26. Nh3 Bf6 27. Bg5 Rd7 28. Qf4 Bg7 29. Qxf8 Bxf8 30. Bxh4 Bh6 31. Bg5 Bg7 32. Be3 e5 33. dxe5 Bxe5 34. b3 d5 35. Rd2 Bc3 36. Rd3 d4 37. Bf2 Ba6 38. Rd1 Be2 39. Rb1 d3 40. Ng5+ Kg8 41. Ne4 Bg7 42. Be3 Rc7 43. Rc1 Rc2 44. Rxc2 dxc2 45. Bc1 Bd4+ 46. Kh1 Kf7 47. h4 Ke6 48. g4 Bxf3+ 49. Kh2 Bxe4 50. Kg3 Be5+ 51. Kf2 0-1

[Event "44th Chess Olympiad Women 2022"]
[Site "Chennai"]
[Date "2022.08.02"]
[Round "5.52"]
[White "Berezovsky, Fiorina"]
[Black "Razafindrabe, Bakoly"]
[Result "1-0"]
[ECO "D37"]
[WhiteElo "1544"]
[BlackElo "1238"]
[Annotator "NA COMBH"]
[PlyCount "119"]
[EventDate "2022.07.29"]
[EventType "team-tourn"]
[EventCountry "IND"]
[SourceTitle "playchess.com"]
[Source "ChessBase"]
[SourceQuality "1"]
[WhiteTeam "Monaco"]
[BlackTeam "Madagascar"]
[WhiteTeamCountry "MNC"]
[BlackTeamCountry "MAD"]
[TimeControl "40/5400+30:1800+30"]

1. d4 d5 2. c4 e6 3. Nc3 Nf6 4. Bf4 Bb4 5. e3 Nbd7 6. Nf3 c5 7. cxd5 Nxd5 8. Qc2 Nxf4 9. exf4 Qc7 10. a3 Bxc3+ 11. Qxc3 O-O 12. Bd3 b6 13. dxc5 Nxc5 14. Ng5 Nxd3+ 15. Qxd3 f5 16. Qe3 Re8 17. O-O h6 18. Nf3 Bb7 19. Rac1 Qe7 20. Ne5 Bd5 21. Rc3 Rac8 22. Rfc1 Rxc3 23. Rxc3 Qb7 24. f3 Rc8 25. Qc1 Rxc3 26. Qxc3 a5 27. b4 axb4 28. axb4 b5 29. h4 h5 30. Kh2 Kh7 31. Qe1 Qa8 32. Qg3 Qe8 33. Qg5 g6 34. Qf6 Qg8 35. Nf7 Qg7 36. Ng5+ Kg8 37. Qd8+ Qf8 38. Qd7 Qg7 39. Qe8+ Qf8 40. Qxg6+ Qg7 41. Qe8+ Qf8 42. Qxb5 Qe7 43. Qb8+ Kg7 44. b5 Kf6 45. Qe5+ Kg6 46. b6 Kh6 47. Qb8 Kg6 48. Qg8+ Qg7 49. Qe8+ Kf6 50. Qxh5 Ke7 51. Qh7 Qxh7 52. Nxh7 Kf7 53. h5 Kg7 54. Ng5 Kh6 55. Nf7+ Kxh5 56. Nd6 Kg6 57. b7 Bxb7 58. Nxb7 Kf6 59. g4 fxg4 60. fxg4 1-0

[Event "44th Chess Olympiad Women 2022"]
[Site "Chennai"]
[Date "2022.08.02"]
[Round "5.52"]
[White "Rakotoniaina Tiana Johanna"]
[Black "Lebel-Arias, Julia"]
[Result "0-1"]
[ECO "B06"]
[WhiteElo "1529"]
[BlackElo "1660"]
[Annotator "NA RC COMBH"]
[PlyCount "82"]
[EventDate "2022.07.29"]
[EventType "team-tourn"]
[EventCountry "IND"]
[SourceTitle "playchess.com"]
[Source "ChessBase"]
[SourceQuality "1"]
[WhiteTeam "Madagascar"]
[BlackTeam "Monaco"]
[WhiteTeamCountry "MAD"]
[BlackTeamCountry "MNC"]
[TimeControl "40/5400+30:1800+30"]

1. e4 d6 2. d4 g6 3. Nf3 Bg7 4. Bc4 e6 5. Be3 Ne7 6. c3 c6 7. Bb3 Nd7 8. Nbd2 b5 9. Ng5 Nb6 10. f4 O-O 11. O-O d5 12. Bc2 Nc4 13. Nxc4 bxc4 14. Qe1 h6 15. Nh3 dxe4 16. Bxe4 Nd5 17. Bd2 Rb8 18. Qc1 f5 19. Bc2 Nf6 20. Nf2 c5 21. Be3 Bb7 22. Bd1 Nd5 23. dxc5 Qc7 24. Nh1 Nxe3 25. Qxe3 Bd5 26. Rb1 Rfe8 27. Ba4 Re7 28. b4 cxb3 29. axb3 e5 30. c4 Be4 31. Rbd1 exf4 32. Qxf4 Qxc5+ 33. Rf2 Qe5 34. Qd2 Qc5 35. Qf4 Rf8 36. Kf1 g5 37. Qd2 a5 38. Qd6 Qxd6 39. Rxd6 Rc8 40. Ra6 Bd3+ 41. Kg1 Re1+ 0-1

[Event "44th Chess Olympiad Women 2022"]
[Site "Chennai"]
[Date "2022.08.02"]
[Round "5.53"]
[White "Chung Hurtado, Yaleika"]
[Black "Ben Said, Safa"]
[Result "1-0"]
[ECO "A36"]
[WhiteElo "1696"]
[BlackElo "1564"]
[Annotator "NA RC COMBH"]
[PlyCount "145"]
[EventDate "2022.07.29"]
[EventType "team-tourn"]
[EventCountry "IND"]
[SourceTitle "playchess.com"]
[Source "ChessBase"]
[SourceQuality "1"]
[WhiteTeam "Panama"]
[BlackTeam "Tunisia"]
[WhiteTeamCountry "PAN"]
[BlackTeamCountry "TUN"]
[TimeControl "40/5400+30:1800+30"]

1. c4 c5 2. Nc3 Nc6 3. g3 g6 4. Bg2 Bg7 5. e3 d6 6. Nge2 Bf5 7. d3 a6 8. O-O Nf6 9. Nd5 O-O 10. Nec3 Bd7 11. Qb3 Nxd5 12. Nxd5 e6 13. Nf4 Rb8 14. a3 b5 15. Qc2 bxc4 16. dxc4 Na5 17. Rb1 Nb3 18. Bd2 Nxd2 19. Qxd2 Ba4 20. b4 Qc7 21. Rfc1 Rb6 22. b5 Rbb8 23. bxa6 Bc6 24. Bxc6 Qxc6 25. Qa5 Bb2 26. Rd1 Rb3 27. Qd2 Bc3 28. Qc2 Rxa3 29. Rd3 Bb4 30. Rxa3 Bxa3 31. a7 Qa6 32. Qd3 Qxa7 33. Qxd6 Bb4 34. Qd3 Qa2 35. Qb3 Qxb3 36. Rxb3 Ra8 37. Nd3 Ra3 38. Rxa3 Bxa3 39. Kf1 Kf8 40. Ke2 Ke7 41. Ne1 Kd6 42. Nc2 Bb2 43. Kd3 h6 44. f3 h5 45. Ne1 Ba1 46. Ng2 Bb2 47. Ke4 Be5 48. f4 Bf6 49. h3 Bc3 50. Kd3 Bf6 51. e4 Bd4 52. g4 hxg4 53. hxg4 Bf2 54. Ke2 Bd4 55. Nh4 Kc6 56. Nf3 Bf6 57. Kd3 Kb6 58. e5 Be7 59. Nd2 Kc6 60. Ne4 Kb6 61. Nf2 Kc6 62. g5 Kb6 63. Ng4 Kc6 64. Nh6 Kd7 65. Nxf7 Bf8 66. Nh8 Bg7 67. Nxg6 Ke8 68. Ke4 Kf7 69. Nh4 Bf8 70. f5 Ke7 71. Ng6+ Kf7 72. Nxf8 Kxf8 73. fxe6 1-0

[Event "44th Chess Olympiad Women 2022"]
[Site "Chennai"]
[Date "2022.08.02"]
[Round "5.53"]
[White "Castillo Beitia, Ashley Alexandra"]
[Black "Hwass Zeineb"]
[Result "1-0"]
[ECO "D06"]
[WhiteElo "1587"]
[BlackElo "1386"]
[Annotator "NA RC COMBH"]
[PlyCount "75"]
[EventDate "2022.07.29"]
[EventType "team-tourn"]
[EventCountry "IND"]
[SourceTitle "playchess.com"]
[Source "ChessBase"]
[SourceQuality "1"]
[WhiteTeam "Panama"]
[BlackTeam "Tunisia"]
[WhiteTeamCountry "PAN"]
[BlackTeamCountry "TUN"]
[TimeControl "40/5400+30:1800+30"]

1. d4 d5 2. c4 e6 3. Nc3 Nf6 4. cxd5 Nxd5 5. e4 Nb6 6. Nf3 N8d7 7. Bd3 Be7 8. O-O O-O 9. Bf4 a6 10. Qc2 Re8 11. Nb5 Bf8 12. Nxc7 h6 13. Rac1 Ra7 14. Nxe8 Qxe8 15. Ne5 Bd6 16. Nxd7 Qxd7 17. Bxd6 Qxd6 18. Qxc8+ Nxc8 19. Rxc8+ Qf8 20. Rxf8+ Kxf8 21. d5 exd5 22. exd5 Ra8 23. Rc1 Rd8 24. Be4 Rd7 25. Kf1 Ke8 26. Ke2 Ke7 27. Kd3 Kf6 28. Kd4 Ke7 29. Bf5 Rd8 30. Rc7+ Kf6 31. Rxb7 Kxf5 32. Rxf7+ Kg6 33. Rf3 Rc8 34. d6 Re8 35. Kd5 Re2 36. d7 Rd2+ 37. Ke6 a5 38. Ke7 1-0

[Event "44th Chess Olympiad Women 2022"]
[Site "Chennai"]
[Date "2022.08.02"]
[Round "5.53"]
[White "Meddeb, Chadha"]
[Black "Rondon Chacon, Yolys Desiree"]
[Result "1-0"]
[ECO "B01"]
[WhiteElo "1561"]
[BlackElo "1688"]
[Annotator "NA RC COMBH"]
[PlyCount "75"]
[EventDate "2022.07.29"]
[EventType "team-tourn"]
[EventCountry "IND"]
[SourceTitle "playchess.com"]
[Source "ChessBase"]
[SourceQuality "1"]
[WhiteTeam "Tunisia"]
[BlackTeam "Panama"]
[WhiteTeamCountry "TUN"]
[BlackTeamCountry "PAN"]
[TimeControl "40/5400+30:1800+30"]

1. e4 d5 2. exd5 Nf6 3. d4 Nxd5 4. c4 Nf6 5. Nf3 g6 6. h3 Bg7 7. Nc3 c6 8. Be2 O-O 9. O-O Nbd7 10. Bf4 Nb6 11. Qd2 Re8 12. Rad1 Bf5 13. Rfe1 Ne4 14. Nxe4 Bxe4 15. Ng5 Bf5 16. Nf3 Rc8 17. Bh6 Bh8 18. g4 Be6 19. b3 f6 20. Qe3 Bf7 21. Bd3 Rc7 22. Bc2 Rd7 23. Rd3 Bg7 24. Bxg7 Kxg7 25. g5 Qc7 26. Nh2 Nc8 27. Ng4 Nd6 28. gxf6+ Kh8 29. Qg5 Nf5 30. Ne5 e6 31. Nxd7 Qxd7 32. Rdd1 Qc7 33. Kh1 h6 34. Qd2 Kh7 35. Bxf5 gxf5 36. Rg1 Bg6 37. Qe3 e5 38. dxe5 1-0